Map: Tropic Shores

Players

Benirons - Winner!

  • Race: Terran Terran
  • Spawn Location: 5:00

A.I. 1 (Very Easy)

  • Race: Protoss Protoss
  • Spawn Location: 0:00

VOD

Have the link to the VOD?

Description

Time

  • Played on: Jan. 18, 2018, 10:09 a.m.
  • Length: 13:34
Show
View Real Time Build Order
Export as new Build Order

Benirons Terran - Winner!

Build Orders:  

Get SALT Encoding   

  12  0:01  SCV  
  13  0:13  SCV  
  14  0:18  Supply Depot  
  14  0:25  SCV  
  15  0:39  SCV  
  15  0:41  Barracks  
  16  0:50  Refinery  
  16  0:52  SCV  
  17  1:04  SCV  
  18  1:16  SCV  
  19  1:28  Orbital Command  
  19  1:39  Command Center  
  19  1:49  Supply Depot  
  19  1:54  SCV  
  20  1:55  Marine  
  21  2:04  Factory  
  21  2:10  SCV  
  21  2:13  Marine  
  23  2:16  Engineering Bay  
  23  2:22  SCV  
  24  2:26  Refinery  
  24  2:34  SCV  
  24  2:35  Marine  
  26  2:38  Refinery  
  26  2:46  SCV  
  26  2:49  Factory Tech Lab  
  27  2:56  SCV  
  29  2:58  SCV  
  29  3:07  Marine  
  29  3:08  SCV  
  29  3:09  Siege Tank  
  34  3:17  SCV  
  35  3:21  SCV  
  36  3:29  SCV  
  36  3:33  Command Center  
  37  3:37  SCV  
  38  3:41  Refinery, SCV  
  39  3:49  SCV  
  39  3:53  SCV  
  39  3:55  Missile Turret  
  41  3:58  Missile Turret  
  41  4:01  SCV  
  42  4:05  SCV  
  43  4:15  Starport  
  44  4:17  SCV  
  44  4:29  Orbital Command  
  44  4:30  SCV  
  45  4:31  Refinery  
  45  4:34  Refinery  
  45  4:42  SCV  
  46  4:47  SCV  
  46  4:51  Missile Turret  
  47  4:56  Fusion Core  
  47  4:59  SCV  
  49  5:00  SCV x2  
  50  5:08  Starport  
  50  5:09  Starport Tech Lab, Supply Depot  
  50  5:14  SCV x3  
  53  5:28  SCV x3  
  56  5:30  Missile Turret  
  56  5:36  Supply Depot  
  56  5:40  SCV x2  
  56  5:41  SCV  
  59  5:44  Battlecruiser  
  65  5:58  Battlecruiser  
  65  6:03  Supply Depot  
  71  6:05  SCV  
  71  6:06  SCV  
  74  6:11  Orbital Command  
  73  6:19  Supply Depot  
  73  6:22  Factory Tech Lab  
  73  6:25  Starport  
  73  6:27  Armory  
  73  6:28  Armory  
  73  6:29  SCV, Supply Depot  
  73  6:30  SCV  
  75  6:39  SCV  
  76  6:42  SCV  
  77  6:49  Weapon Refit  
  77  6:52  Battlecruiser  
  83  6:54  SCV  
  83  6:55  SCV x2  
  86  7:05  Battlecruiser  
  92  7:09  SCV x2  
  92  7:10  SCV  
  92  7:14  Battlecruiser  
  101  7:16  Factory Tech Lab  
  101  7:17  Terran Vehicle And Ship Armor Level 1  
  101  7:19  Terran Ship Weapons Level 1  
  101  7:26  Supply Depot  
  101  7:28  Supply Depot  
  101  7:48  Starport, SCV x3  
  104  7:52  Supply Depot  
  104  7:54  Supply Depot  
  104  7:57  Command Center, Battlecruiser  
  110  8:11  Battlecruiser  
  116  8:16  Supply Depot  
  116  8:18  Supply Depot  
  116  8:22  Missile Turret, Battlecruiser  
  122  8:29  Battlecruiser  
  128  8:50  Supply Depot  
  128  8:52  Supply Depot  
  128  9:04  Refinery  
  128  9:09  Refinery  
  128  9:13  Terran Ship Weapons Level 2  
  128  9:14  Terran Vehicle And Ship Armor Level 2, Missile Turret  
  128  9:15  Missile Turret  
  128  9:17  Hi-Sec Auto Tracking  
  128  9:18  Battlecruiser x2  
  140  9:28  Battlecruiser  
  140  9:29  Enhanced Munitions  
  140  9:30  Corvid Reactor  
  146  9:35  Orbital Command  
  146  9:45  Battlecruiser  
  152  10:11  Missile Turret  
  152  10:19  Missile Turret  
  152  10:22  Raven, Battlecruiser  
  160  10:33  Battlecruiser  
  166  10:51  Battlecruiser  
  172  11:07  Battlecruiser  
  172  11:10  Supply Depot x2  
  178  11:29  Battlecruiser  
  184  11:40  Missile Turret  
  184  11:42  Battlecruiser  
  184  11:44  Missile Turret  
  190  11:59  Battlecruiser  
  194  12:12  Battlecruiser  
  200  13:15  Missile Turret  
  200  13:18  Missile Turret  
Show
View Real Time Build Order
Export as new Build Order

A.I. 1 (Very Easy) Protoss 

Build Orders:  

Get SALT Encoding   

  12  0:00  Probe  
  13  0:13  Probe  
  14  0:21  Pylon  
  14  0:38  Assimilator  
  14  0:44  Gateway  
  14  0:48  Pylon  
  14  1:16  Assimilator  
  14  1:22  Probe  
  15  1:34  Probe  
  15  1:36  Cybernetics Core  
  16  1:46  Probe  
  17  1:58  Probe  
  18  2:10  Probe  
  18  2:13  Warp Gate  
  18  2:15  Stalker  
  21  2:22  Probe  
  22  5:20  Probe, Zealot  
  25  5:25  Pylon  
  25  5:26  Robotics Facility  
  25  5:32  Probe  
  26  5:44  Probe  
  27  5:57  Probe  
  26  6:02  Pylon  
  26  6:09  Probe  
  27  6:14  Zealot  
  27  6:15  Observer  
  30  6:21  Probe  
  31  6:36  Observer  
  32  7:08  Stalker  
  32  7:15  Nexus  
  34  8:27  Probe  
  35  8:34  Assimilator  
  35  8:35  Probe  
  35  8:38  Assimilator  
  36  8:42  Probe  
  37  8:49  Probe  
  38  8:56  Probe  
  39  9:03  Probe  
  40  9:11  Probe  
  41  9:18  Probe  
  42  9:25  Probe  
  43  9:32  Probe  
  44  9:39  Probe  
  45  9:46  Probe  
  46  9:55  Probe, Stalker  
  31  10:02  Probe  
  24  10:12  Pylon  
  24  10:16  Probe  
  24  10:17  Pylon  
  9  10:50  Nexus  
  9  10:55  Assimilator  
  8  11:00  Pylon  
  8  11:02  Nexus  
  8  11:06  Nexus  
  8  11:10  Pylon  
  8  11:15  Pylon x2  
  8  11:24  Assimilator  
  8  11:25  Pylon  
  8  11:32  Pylon  
  7  12:00  Pylon  
  7  12:03  Probe  
  7  12:06  Gateway  
  7  12:15  Probe  
  9  12:24  Probe  
  8  12:31  Probe  
  7  12:38  Probe  
  7  12:40  Pylon  
  4  13:06  Nexus  
  3  13:16  Pylon  
Tags
 
Add a new tag
Caveats
  • Supply blocks, unpowered buildings, or Contaminate may cause inaccurate times.
  • Supply counts are checked every 10 seconds.